 Dungeon Crawl Stone Soup version 0.23-a0-619-g281719c6f9 (webtiles) character file.

34538 HereIgoKillingAgain the Imperceptible (level 13, -2/64 HPs)
             Began as a Spriggan Assassin on Dec 23, 2018.
             Was an Elder of Dithmenos.
             Slain by a five-headed hydra (13 damage)
             ... on level 6 of the Lair of Beasts.
             The game lasted 00:44:12 (14942 turns).

HereIgoKillingAgain the Imperceptible (SpAs)       Turns: 14942, Time: 00:44:14

Health: -2/64      AC: 10    Str:  9    XL:     13   Next: 42%
Magic:  19/21      EV: 18    Int: 15    God:    Dithmenos [****..]
Gold:   749        SH:  0    Dex: 18    Spells: 12/12 levels left

rFire    + + .     SeeInvis +   l - +9 quick blade
rCold    . . .     Gourm    .   (shield restricted)
rNeg     . . .     Faith    .   E - +0 fire dragon scales
rPois    .         Spirit   .   M - +2 hat
rElec    .         Reflect  .   (no cloak)
rCorr    .         Harm     .   (gloves unavailable)
MR       ++++.                  (boots unavailable)
Stlth    +++++++++.             j - amulet of regeneration
HPRegen  0.60/turn              z - ring of protection from cold
MPRegen  0.17/turn              y - ring of protection from magic

@: very slightly contaminated, slowed, wreathed by umbra, quick
A: very small, unfitting armour, see invisible, herbivore, speed 3, magic
resistance 1, mutation resistance 1, slow metabolism 2, wild magic 1
a: Shadow Step, Renounce Religion


You were on level 6 of the Lair of Beasts.
You worshipped Dithmenos.
Dithmenos was greatly pleased with you.
You were not hungry.

You visited 3 branches of the dungeon, and saw 18 of its levels.

You collected 749 gold pieces.

Inventory:

Hand Weapons
 a - a +9 vampiric dagger
 b - a +0 blowgun
 h - the +6 rapier "Koekyrim" {flame, rF- Str+5 Dex+3 Stlth+}
   (You took it off an orc priest on level 6 of the Dungeon)

   It has been specially enchanted to burn those struck by it, causing extra
   injury to most foes and up to half again as much damage against particularly
   susceptible opponents.
   It affects your strength (+5).
   It affects your dexterity (+3).
   It makes you vulnerable to fire.
   It makes you more stealthy.
 l - a +9 quick blade (weapon)
Missiles
 e - 37 poisoned needles
 s - a curare-tipped needle
 F - 2 throwing nets (quivered)
 P - 2 needles of confusion
Armour
 d - a +1 cloak
 E - +0 fire dragon scales (worn)
 M - a +2 hat (worn)
Jewellery
 c - the amulet "Picow" {*Contam +Rage rF+ rC+}
   (You found it on level 4 of the Lair of Beasts)

   [amulet of rage]

   It protects you from fire.
   It protects you from cold.
   It lets you go berserk.
   It causes magical contamination when unequipped.
 j - an amulet of regeneration (around neck)
 r - a +3 ring of intelligence
 v - an uncursed ring of resist corrosion
 y - a ring of protection from magic (right hand)
 z - a ring of protection from cold (left hand)
 G - an uncursed ring of positive energy
Wands
 p - a wand of flame (31)
 K - a wand of iceblast (10)
 L - a wand of acid (3)
 O - a wand of disintegration (10)
 Q - a wand of polymorph (9)
Scrolls
 f - 3 scrolls of fog
 i - 3 scrolls of amnesia
 q - 3 scrolls of remove curse
 x - 5 scrolls of fear
 A - 5 scrolls of teleportation
 D - 2 scrolls of enchant weapon
 H - 2 scrolls of enchant armour
 R - a scroll of magic mapping {unknown}
 T - a scroll of identify
Potions
 k - 4 potions of curing
 m - 5 potions of ambrosia
 n - 2 potions of brilliance {unknown}
 o - a potion of berserk rage
 t - a potion of flight {unknown}
 u - 5 potions of agility {unknown}
 w - 3 potions of haste {unknown}
 B - a potion of invisibility {unknown}
 C - 2 potions of lignification
 I - 3 potions of heal wounds {unknown}
 J - a potion of magic {unknown}
 N - 2 potions of degeneration {unknown}
Miscellaneous
 S - a sack of spiders
Comestibles
 g - 34 rations


   Skills:
 - Level 5.4 Fighting
 - Level 10.4 Short Blades
 - Level 2.9 Throwing
 - Level 12.0 Dodging
 + Level 23.4 Stealth
 - Level 9.7 Evocations


You had 12 spell levels left.
You didn't know any spells.
Your spell library contained the following spells:

 Spells                   Type           Power        Failure   Level  Hunger
 Corona                   Hex            #......      99%         1    ##.....
 Flame Tongue             Conj/Fire      #....        99%         1    ##.....
 Sandblast                Erth           #.....       99%         1    ##.....
 Passwall                 Tmut/Erth      #.......     100%        2    ###....
 Slow                     Hex            #.......     100%        2    ###....
 Throw Flame              Conj/Fire      #.....       100%        2    ###....
 Conjure Flame            Conj/Fire      #.......     100%        3    ####...
 Inner Flame              Hex/Fire       #.......     100%        3    ####...
 Portal Projectile        Hex/Tloc       #.....       100%        3    ####...
 Stone Arrow              Conj/Erth      #.....       100%        3    ####...
 Cause Fear               Hex            #.........   100%        4    #####..
 Leda's Liquefaction      Hex/Erth       #.........   100%        4    #####..
 Petrify                  Tmut/Erth      #.......     100%        4    #####..
 Sticky Flame             Conj/Fire      #.......     100%        4    #####..
 Fireball                 Conj/Fire      #.........   100%        5    ######.
 Lee's Rapid Deconstruct  Erth           #.........   100%        5    ######.
 Silence                  Hex/Air        #.........   100%        5    ######.
 Yara's Violent Unravell  Hex/Tmut       #.........   100%        5    ######.
 Deflect Missiles         Chrm/Air       #.........   100%        6    #######
 Discord                  Hex            #.........   100%        8    #######


Dungeon Overview and Level Annotations

Branches:
Dungeon (11/15)            Temple (1/1) D:6            Lair (6/6) D:11
 Shoals (0/4) Lair:4        Snake (0/4) Lair:2          Orc (0/2) D:10
  Slime: Lair:5-6

Altars:
Ashenzari
Cheibriados
Dithmenos
Elyvilon
Fedhas
Gozag
Hepliaklqana
Kikubaaqudgha
Makhleb
Nemelex Xobeh
Okawaru
Qazlal
Ru
Sif Muna
Trog
Uskayaw
Vehumet
Wu Jian
Xom
Yredelemnul
Zin
The Shining One
Beogh

Shops:
D:9 %

Annotations:
D:3 2 transporters, Allula97's ghost, weakling OpTm
D:10 exclusion: orange crystal statue


Innate Abilities, Weirdness & Mutations

You are very small and have problems with some larger weapons.
You are too small for most types of armour.
You have supernaturally acute eyesight. (SInv)
You are a herbivore.
You cover ground extremely quickly.
You need to consume almost no food.
You are resistant to hostile enchantments. (MR+)
You are somewhat resistant to further mutation.
Your spells are a little harder to cast, but a little more powerful.


Message History

Press: ? - help, Dir - move target cursor You are very lightly contaminated with residual magic.
As you read the scroll of blinking, it crumbles to dust.
A five-headed hydra comes into view.
You feel yourself speed up.
You see here 2 needles of confusion.
P - 2 needles of confusion Being near the torpor snail leaves you feeling lethargic.
The dream sheep shake their wool and sparkle.
You feel drowsy...
You fall asleep.
The dream sheep misses you. The dream sheep closely misses you.
The dream sheep barely misses you. The five-headed hydra bites you!
You wake up.
* * * LOW HITPOINT WARNING * * *
The five-headed hydra bites you.
* * * LOW HITPOINT WARNING * * *
The five-headed hydra barely misses you.
The five-headed hydra bites you!
You die...

###..#ยงยง.........
## #.......#...
##........[.
##.##........
##............
##...YPw...#P..
##..PP.PY..##...
..P...#.DY.PP...#
.........@..PP...
.#.....#.<..P..^.
##.............P
..........###...
.......P.... #.#
....P..PP.P#. .#
........P.....
#.#...##.....
.#...# ......


You could see a five-headed hydra, a torpor snail and 3 dream sheep.

Vanquished Creatures
  Gastronok (Lair:2)
  4 hydras
  A catoblepas (Lair:2)
  2 two-headed ogres
  Sonja (D:10)
  An unseen horror (D:10)
  3 ugly things (D:11)
  A centaur zombie (D:11)
  5 black mambas
  5 elephants (Lair:5)
  A merfolk siren (Lair:4)
  A gargoyle (D:11)
  8 spiny frogs
  A rime drake (Lair:4)
  A komodo dragon (Lair:4)
  Prince Ribbit (D:6)
  A hornet (D:9)
  Grinder (D:3)
  5 hippogriffs
  3 blink frogs (Lair:5)
  13 dream sheep
  A spriggan (D:10)
  A vampire (D:11)
  A wyvern (Lair:4)
  Eustachio (D:4)
  36 yaks
  2 basilisks (Lair:3)
  Menkaure (D:4)
  A steam dragon (D:9)
  A hungry ghost (D:10)
  An acid dragon (D:11)
  Duvessa (D:4)
  7 water moccasins
  4 orc warriors
  7 porcupines
  A sky beast (D:7)
  2 ice beasts
  A black bear (D:10)
  A phantom (D:9)
  2 necrophages
  2 ogres
  4 centaurs
  8 wolves
  10 crocodiles
  A big kobold (D:10)
  12 bullfrogs
  A wyvern zombie (D:8)
  Dowan (D:4)
  2 wyvern skeletons
  7 scorpions
  11 killer bees
  5 wights (D:8)
  8 crimson imps
  2 bullfrog skeletons (D:11)
  4 hounds (D:9)
  2 jellies
  5 orc priests
  Jessica (D:2)
  5 orc wizards
  3 iguanas
  3 hell rats (Lair:1)
  6 worker ants
  A hound zombie (D:6)
  2 worker ant zombies
  3 gnolls (D:6)
  4 river rats (Lair:1)
  16 adders
  A shadow imp (D:9)
  3 adder skeletons
  An adder zombie (D:9)
  6 worms
  A dart slug (D:5)
  6 leopard geckos
  24 orcs
  2 ball pythons
  A giant cockroach (D:3)
  2 gnoll zombies (D:7)
  5 hobgoblins
  8 jackals
  10 kobolds
  7 quokkas
  4 bats
  4 frilled lizards
  5 goblins
  A leopard gecko skeleton (D:5)
  A quokka skeleton (D:5)
  14 rats
367 creatures vanquished.

Vanquished Creatures (others)
  An orc wizard (D:3)
  8 fungi
  3 plants
12 creatures vanquished.

Grand Total: 379 creatures vanquished

Notes
Turn   | Place    | Note
-------+----------+-------------------------------------------
     0 | D:1      | HereIgoKillingAgain the Spriggan Assassin began the quest
                  | for the Orb.
     0 | D:1      | Reached XP level 1. HP: 10/10 MP: 2/2
   356 | D:1      | Reached skill level 6 in Stealth
   775 | D:1      | Reached XP level 2. HP: 12/14 MP: 3/3
  1293 | D:2      | Reached XP level 3. HP: 15/18 MP: 4/4
  1573 | D:2      | Found a deep blue altar of Sif Muna.
  1599 | D:2      | Noticed Jessica
  1609 | D:2      | Killed Jessica
  1609 | D:2      | Reached skill level 7 in Stealth
  2020 | D:3      | Reached XP level 4. HP: 3/22 MP: 5/5
  2548 | D:3      | Found a transporter.
  2565 | D:3      | Noticed Allula97's ghost (weakling OpTm)
  2568 | D:3      | Found a transporter.
  2578 | D:3      | Noticed Grinder
  2595 | D:3      | Paralysed by Grinder for 3 turns
  2620 | D:3      | Paralysed by Grinder for 7 turns
  2637 | D:3      | Killed Grinder
  2637 | D:3      | Reached skill level 9 in Stealth
  2637 | D:3      | Reached XP level 5. HP: 21/25 MP: 6/6
  2637 | D:3      | Reached XP level 6. HP: 25/30 MP: 7/7
  2724 | D:3      | Reached skill level 5 in Dodging
  3252 | D:4      | Noticed Duvessa
  3284 | D:4      | Killed Duvessa
  3284 | D:4      | Reached skill level 10 in Stealth
  3472 | D:4      | Noticed Menkaure
  3477 | D:4      | Killed Menkaure
  3477 | D:4      | Reached skill level 11 in Stealth
  3477 | D:4      | Reached XP level 7. HP: 33/33 MP: 8/8
  3478 | D:4      | Noticed Eustachio
  3480 | D:4      | Killed Eustachio
  3537 | D:4      | Found a shimmering altar of Xom.
  3539 | D:4      | Found a glowing golden altar of the Shining One.
  3539 | D:4      | Found a shadowy altar of Dithmenos.
  3541 | D:4      | Found a glowing silver altar of Zin.
  3541 | D:4      | Found a stormy altar of Qazlal.
  3541 | D:4      | Found a white marble altar of Elyvilon.
  3708 | D:4      | Got a warped shield
  3938 | D:4      | Noticed Dowan
  3984 | D:4      | Killed Dowan
  3984 | D:4      | Reached skill level 12 in Stealth
  4048 | D:5      | Entered Level 5 of the Dungeon
  4117 | D:5      | Found a hide-covered altar of Uskayaw.
  4122 | D:5      | Noticed a +0 hand axe
  4122 | D:5      | Noticed a +0 hand axe
  4155 | D:5      | Found a white marble altar of Elyvilon.
  4288 | D:3      | Found a blossoming altar of Fedhas.
  4288 | D:3      | Found a hazy altar of Hepliaklqana.
  4534 | D:5      | Reached XP level 8. HP: 29/37 MP: 9/9
  4663 | D:5      | Found a shattered altar of Ashenzari.
  4776 | D:6      | Noticed Prince Ribbit
  4778 | D:6      | Killed Prince Ribbit
  4823 | D:6      | Reached skill level 13 in Stealth
  4863 | D:6      | Found a staircase to the Ecumenical Temple.
  4911 | Temple   | Entered the Ecumenical Temple
  5136 | Temple   | Became a worshipper of Dithmenos the Shadowed
  5161 | D:6      | Identified the cursed +0 shield of Reason {rF+ rC- rN+
                  | Str+6} (You found it on level 4 of the Dungeon)
  5231 | D:6      | Identified the +6 rapier "Koekyrim" {flame, rF- Str+5 Dex+3
                  | Stlth+}
  5905 | D:7      | Found a snail-covered altar of Cheibriados.
  5930 | D:7      | Reached XP level 9. HP: 41/42 MP: 10/10
  5986 | D:7      | Reached * piety under Dithmenos
  5986 | D:7      | Reached skill level 5 in Short Blades
  5986 | D:7      | Reached skill level 1 in Evocations
  6080 | D:7      | Reached skill level 14 in Stealth
  6327 | D:7      | Found a basalt altar of Yredelemnul.
  6547 | D:8      | Found a sacrificial altar of Ru.
  6886 | D:9      | Reached ** piety under Dithmenos
  6914 | D:9      | Noticed a two-headed ogre
  6918 | D:9      | Killed a two-headed ogre
  6918 | D:9      | Reached skill level 5 in Evocations
  6970 | D:9      | Reached skill level 10 in Dodging
  6970 | D:9      | Reached XP level 10. HP: 35/49 MP: 15/15
  7293 | D:9      | Found Afruog's Food Shop.
  7410 | D:9      | Found a glowing silver altar of Zin.
  7716 | D:10     | Entered Level 10 of the Dungeon
  7756 | D:10     | Noticed an unseen horror
  7761 | D:10     | Found an iron altar of Okawaru.
  7763 | D:10     | Killed an unseen horror
  7857 | D:10     | Reached skill level 15 in Stealth
  7946 | D:10     | Found a staircase to the Orcish Mines.
  7969 | D:10     | Found a roughly hewn altar of Beogh.
  8051 | D:10     | Reached *** piety under Dithmenos
  8177 | D:10     | Noticed Sonja
  8180 | D:10     | Noticed an orange crystal statue
  8181 | D:10     | Killed Sonja
  8389 | D:10     | Noticed a two-headed ogre
  8397 | D:10     | Killed a two-headed ogre
  8397 | D:10     | Reached XP level 11. HP: 54/54 MP: 10/18
  8408 | D:10     | Noticed a two-headed ogre
  8733 | D:11     | Noticed an eight-headed hydra
  8741 | D:11     | Killed an eight-headed hydra
  9144 | D:11     | Reached skill level 5 in Fighting
  9316 | D:11     | Noticed a purple ugly thing
  9321 | D:11     | Killed a purple ugly thing
  9371 | D:11     | Noticed a red ugly thing
  9380 | D:11     | Killed a red ugly thing
  9380 | D:11     | Reached skill level 10 in Short Blades
  9401 | D:11     | Noticed a red ugly thing
  9629 | D:11     | Killed a red ugly thing
  9629 | D:11     | Reached skill level 16 in Stealth
 10057 | D:11     | Found a staircase to the Lair.
 10316 | Lair:1   | Entered Level 1 of the Lair of Beasts
 10517 | Lair:1   | Reached **** piety under Dithmenos
 10574 | Lair:1   | Noticed a five-headed hydra
 10591 | Lair:1   | Killed a five-headed hydra
 10817 | Lair:1   | Noticed a seven-headed hydra
 10822 | Lair:1   | Killed a seven-headed hydra
 10822 | Lair:1   | Reached skill level 17 in Stealth
 10926 | Lair:1   | Reached XP level 12. HP: 60/60 MP: 20/20
 11153 | Lair:2   | Noticed Gastronok
 11188 | Lair:2   | Killed Gastronok
 11188 | Lair:2   | Reached skill level 18 in Stealth
 11320 | Lair:2   | Found a staircase to the Snake Pit.
 11436 | Lair:2   | Noticed a catoblepas
 11441 | Lair:2   | Killed a catoblepas
 11441 | Lair:2   | Reached skill level 19 in Stealth
 11510 | Lair:2   | Noticed an eight-headed hydra
 11515 | Lair:2   | Killed an eight-headed hydra
 11593 | Lair:2   | Gained mutation: You occasionally shout uncontrollably at
                  | your foes. [potion of mutation]
 11593 | Lair:2   | Gained mutation: Your system is resistant to poisons.
                  | (rPois) [potion of mutation]
 11668 | Lair:2   | Lost mutation: You occasionally shout uncontrollably at
                  | your foes. [potion of mutation]
 11668 | Lair:2   | Lost mutation: Your system is resistant to poisons. (rPois)
                  | [potion of mutation]
 11668 | Lair:2   | Gained mutation: You are resistant to hostile enchantments.
                  | (MR+) [potion of mutation]
 11668 | Lair:2   | Gained mutation: You are clumsy. (Dex -2) [potion of
                  | mutation]
 11668 | Lair:2   | Gained mutation: Your flesh is cold resistant. (rC+)
                  | [potion of mutation]
 11669 | Lair:2   | Lost mutation: You are clumsy. (Dex -2) [potion of
                  | mutation]
 11669 | Lair:2   | Lost mutation: Your flesh is cold resistant. (rC+) [potion
                  | of mutation]
 11669 | Lair:2   | Gained mutation: Your spells are a little harder to cast,
                  | but a little more powerful. [potion of mutation]
 11669 | Lair:2   | Gained mutation: You are somewhat resistant to further
                  | mutation. [potion of mutation]
 12198 | Lair:3   | Reached skill level 20 in Stealth
 12519 | Lair:3   | Reached skill level 21 in Stealth
 12990 | Lair:4   | Reached XP level 13. HP: 54/64 MP: 17/21
 13037 | Lair:4   | Got a transparent ruby amulet
 13318 | Lair:4   | Identified a scroll of acquirement
 13562 | Lair:4   | Reached skill level 22 in Stealth
 13905 | Lair:4   | Found a staircase to the Shoals.
 13970 | Lair:4   | Identified the amulet "Picow" {*Contam +Rage rF+ rC+} (You
                  | found it on level 4 of the Lair of Beasts)
 14381 | Lair:5   | Reached skill level 23 in Stealth
 14918 | Lair:6   | Entered Level 6 of the Lair of Beasts
 14942 | Lair:6   | Slain by a five-headed hydra

Vault maps used:
D:1:      dpeg_arrival_circle_labyrinth_c
D:2:      lemuel_round_altar, uniq_jessica
D:3:      nicolae_overflow_hidden_temple, gammafunk_ghost_arena, uniq_grinder
D:4:      doesnt_xom_only_xom, kennysheep_doodads, uniq_eustachio,
          uniq_menkaure, uniq_duvessa
D:5:      cheibrodos_ashenzari_chains, elyvilon_altar_5,
          dancing_weapons_uskayaw, first_ration
D:6:      minmay_temple_entry_trees, supply_closet_lemuel, uniq_prince_ribbit1
D:7:      nicolae_overflow_crystal_walls, lemuel_zombie_altar_yredelemnul
D:8:      kennysheep_mini
D:9:      lemuel_doored_altar, serial_shops, kennysheep_little_box
D:10:     minmay_orc_entry_temple_small, the_bakery, grunt_ministairs_6,
          minivault_16, okawaru_metal_pillars_3, uniq_sonja
D:11:     grunt_lair_entry_orc_guard_hut
Temple:   minmay_temple_curvy_loop
Lair:1:   kennysheep_abandoned_house, infiniplex_staircase_pool_2,
          grunt_megastairs_5
Lair:2:   minmay_snake_entry_six_corridors, chequers_serial_rivers_micro_d,
          serial_bayou_shore_b, serial_bayou_shore_a, uniq_gastronok
Lair:3:   serial_bayou_shore_b, lemuel_fruit_fields
Lair:4:   minmay_shoals_entry_lonely_mermaid
Lair:5:   lemuel_fruit_fields
Lair:6:   hangedman_lair_tendril_chambers, nicolae_slime_entry_slimehenge,
          lookout_lair_type

Skill      XL: |  1  2  3  4  5  6  7  8  9 10 11 12 13 |
---------------+----------------------------------------+-----
Stealth        | 6 7 9 11 12 13 14 15 17 21 23 | 23.4
Dodging        | 2 3 4 6 7 9 10 11 12 | 12.0
Short Blades   | 4 6 8 10 | 10.4
Fighting       | 2 3 4 5 |  5.4
Evocations     | 5 8 9 |  9.7
Throwing       | |  2.9

Action                   |  1- 3 |  4- 6 |  7- 9 | 10-12 | 13-15 || total
-------------------------+-------+-------+-------+-------+-------++-------
Melee: Dagger            |    91 |    99 |   236 |       |       ||   426
       Rapier            |       |       |   140 |   673 |    17 ||   830
       Quick blade       |       |       |       |       |   225 ||   225
 Fire: Blowgun           |     3 |    33 |    20 |       |       ||    56
Throw: Throwing net      |       |       |     2 |     2 |     2 ||     6
Invok: Shadow Step       |       |       |       |     7 |     2 ||     9
Evoke: Wand              |       |       |     2 |    20 |     3 ||    25
  Use: Scroll            |     9 |     3 |    12 |    11 |     9 ||    44
       Potion            |       |     3 |     1 |     9 |     3 ||    16
 Stab: Sleeping          |    13 |    11 |    23 |    38 |    14 ||    99
       Distracted        |       |     1 |     3 |     7 |       ||    11
       Held in net/web   |       |       |     1 |       |       ||     1
       Paralysed         |       |       |     1 |     6 |       ||     7
  Eat: Ration            |       |       |     2 |     3 |     1 ||     6
Armor: Robe              |    10 |     5 |    22 |       |       ||    37
       Skin              |       |    11 |       |    15 |       ||    26
       Fire dragon scale |       |       |    26 |    69 |    15 ||   110
Dodge: Dodged            |    51 |    45 |   300 |   497 |    85 ||   978

Table legend:
 A = Non-vault XP
 B = Vault XP
 C = Vault XP percentage of total XP
 D = Non-vault monster count
 E = Vault monster count
 F = Vault count percentage of total count
                 A         B        C        D         E       F
            +---------+---------+-------+---------+---------+-------
      Total |   39945 |    9395 |  19.0 |     308 |      60 |  16.3
            +---------+---------+-------+---------+---------+-------
        D:1 |      12 |       0 |   0.0 |       9 |       0 |   0.0
        D:2 |      45 |      37 |  45.1 |      17 |       1 |   5.6
        D:3 |     167 |     262 |  61.1 |      31 |       1 |   3.1
        D:4 |     139 |     610 |  81.4 |      11 |       4 |  26.7
        D:5 |     219 |       0 |   0.0 |       9 |       0 |   0.0
        D:6 |     685 |     283 |  29.2 |      22 |       1 |   4.3
        D:7 |     876 |       4 |   0.5 |      12 |       2 |  14.3
        D:8 |     827 |       0 |   0.0 |      18 |       0 |   0.0
        D:9 |    3452 |       0 |   0.0 |      24 |       0 |   0.0
       D:10 |    2824 |    1483 |  34.4 |      19 |      13 |  40.6
       D:11 |    6880 |     374 |   5.2 |      41 |       4 |   8.9
     Lair:1 |    1294 |    2361 |  64.6 |       6 |      16 |  72.7
     Lair:2 |    3707 |    3539 |  48.8 |      12 |      17 |  58.6
     Lair:3 |    5842 |       0 |   0.0 |      26 |       0 |   0.0
     Lair:4 |    4817 |     442 |   8.4 |      19 |       1 |   5.0
     Lair:5 |    7904 |       0 |   0.0 |      31 |       0 |   0.0
     Lair:6 |     255 |       0 |   0.0 |       1 |       0 |   0.0
            +---------+---------+-------+---------+---------+-------
